 Dungeon Sprint DCSS version 0.19-a0-1827-g174f941 (webtiles) character file.

13755 Theye the Sniper (level 11, -7/102 HPs)
             Began as a Demonspawn Hunter on Oct 7, 2016.
             Was the Champion of Qazlal.
             Mangled by a greater mummy
             ... wielding the +7 scythe "Zeym" {freeze, Int+4}
              (26 damage)
             ... in the Dungeon (Sprint V: "Ziggurat Sprint").
             The game lasted 00:03:44 (735 turns).

Theye the Sniper (Demonspawn Hunter)                 Turns: 735, Time: 00:03:45

Health: -7/102     AC: 29    Str: 27    XL:     11   Next: 79%
Magic:  0/21       EV: 12    Int: 16    God:    Qazlal [******]
Gold:   0          SH:  8    Dex: 16    Spells: 0 memorised, 10 levels left

rFire  . . .     SeeInvis +     K - +9 heavy crossbow "Sniper" {velocity, nevermiss, SInv}
rCold  + . .     Gourm    .     L - +15 Maxwell's patent armour {-Cast -Tele rElec MR+ rCorr}
rNeg   . . .     Faith    .     (shield currently unavailable)
rPois  .         Spirit   +     (no helmet)
rElec  +         Dismiss  .     (no cloak)
rCorr  +         Reflect  .     N - +0 pair of gloves {Str+3}
MR     +....     Harm     .     (no boots)
Stlth  .......... NoTele   +    Q - amulet of Vitality {Regen+ HP+15} NoCast +
                                F - +6 ring of strength
                                E - +6 ring of strength

@: protected from cold, studying Spellcasting, repel missiles
A: claws 1, clever 1, foul stench 1, magic shield, rot immunity, sturdy frame 3
a: Upheaval, Elemental Force, Disaster Area, Renounce Religion


You were in the Dungeon.
You worshipped Qazlal.
Qazlal was exalted by your worship.
You were not hungry.

You visited 1 branch

Inventory:

Hand Weapons
 a - a +1 hand crossbow
 b - a +0 short sword
 y - the +7 lajatang of Order {silver, rMut}
   (You found it in the Dungeon)

   It protects you from mutation.
 K - the +9 heavy crossbow "Sniper" (weapon) {velocity, nevermiss, SInv}
   (You found it in the Dungeon)

   Any bolt fired from it inflicts extra damage.
   It lets you see invisible.
Missiles
 d - 965 bolts (quivered)
Armour
 c - a +0 leather armour
 l - a +5 gold dragon armour
 L - the +15 Maxwell's patent armour (worn) {-Cast -Tele rElec MR+ rCorr}
   (You found it in the Dungeon)

   It insulates you from electricity.
   It affects your resistance to hostile enchantments.
   It prevents spellcasting.
   It prevents most forms of teleportation.
   It protects you from acid and corrosion.
 N - a +0 pair of gloves of strength (worn)
Rods
 P - a +2 iron rod (12/12)
   (You took it off a wight in the Dungeon)
Jewellery
 B - a +6 ring of dexterity
 E - a +6 ring of strength (left hand)
 F - a +6 ring of strength (right hand)
 O - an uncursed ring of positive energy
 Q - the amulet of Vitality (around neck) {Regen+ HP+15}
   (You found it in the Dungeon)

   [amulet of regeneration]

   It affects your health (+15).
   It increases your rate of regeneration.
Wands
 G - a wand of disintegration (7/24)
 H - a wand of iceblast (5/15)
 I - a wand of lightning (5/15)
 J - a wand of acid (5/15)
Scrolls
 k - 4 scrolls of blinking
 s - 4 scrolls of amnesia
 t - 3 scrolls of recharging
 u - 7 scrolls of fog
 v - 5 scrolls of identify
 w - 5 scrolls of remove curse
 x - 2 scrolls of fear
Potions
 e - 8 potions of curing
 g - 2 potions of heal wounds
 h - 6 potions of haste
 i - 6 potions of magic
 j - 3 potions of berserk rage
 m - 2 potions of brilliance
 n - a potion of invisibility
 o - 4 potions of resistance
 q - 3 potions of agility
 r - 5 potions of might
Books
 p - a manual of Spellcasting
Miscellaneous
 M - 2 boxes of beasts
Comestibles
 f - 5 bread rations
 z - 42 fruits
 A - 4 meat rations


   Skills:
 + Level 8.7 Fighting
 * Level 21.3 Crossbows
 + Level 6.5 Armour
 + Level 4.7 Dodging
 - Level 0.8 Stealth
 * Level 14.1 Invocations


You had 10 spell levels left.
You didn't know any spells.

Dungeon Overview and Level Annotations

Branches:
Dungeon (1/1)

Altars:
Ashenzari
Cheibriados
Dithmenos
Elyvilon
Fedhas
Gozag
Hepliaklqana
Kikubaaqudgha
Makhleb
Nemelex Xobeh
Okawaru
Qazlal
Ru
Sif Muna
Trog
Uskayaw
Vehumet
Xom
Yredelemnul
Zin
The Shining One
Beogh
Jiyva
Lugonu


Innate Abilities, Weirdness & Mutations

You have sharp fingernails.
You may emit foul miasma when damaged in melee.
When hurt, damage is shared between your health and your magic reserves.
You are immune to rotting.
Your movements are significantly less encumbered by armour. (ER -6)
Your mind is acute. (Int +2)


Message History

Press: ? - help, Shift-Dir - straight line, f/p - greater mummy
Aim: a greater mummy, wielding the +7 scythe "Zeym" {freeze, Int+4} (heavily damaged)
You shoot a bolt. The bolt hits the greater mummy!!
The greater mummy is heavily damaged.
The bat zombie closely misses you. You block the bat zombie's attack.
The bat zombie hits you but does no damage.
The greater mummy hits you with the +7 scythe "Zeym" {freeze, Int+4}.
Your resistance to cold fades away.
You feel protected from physical attacks.
Your resistance to physical damage fades away.
You feel protected from cold. The greater mummy freezes you.
The mana viper bites you!
* * * LOW HITPOINT WARNING * * *
The mana viper looks sick.
The bat zombie hits you but does no damage.
The mummy is engulfed in roaring flames.
You destroy the mummy!
The mana viper bites you but does no damage.
The greater mummy hits you with the +7 scythe "Zeym" {freeze, Int+4}!!
You die...

▓...8©8...▓
▓...):|[..▓...|[):..▓
▓..!|)}...▓...[:|)..▓
▓...(.....▓.........▓
▓.........▓.........▓
▓....((...▓.........▓
▓..§.≈.§..▓...).)...▓
▓...M§.§..▓.▓.))).▓.▓
▓.▓SW@Z§▓.▓.........▓
▓..MSW....▓▓▓▓▓▓▓▓▓▓▓
▓▓▓▓▓▓▓▓▓▓▓


You could see a greater mummy, 2 mana vipers, a freezing wraith, a wraith, a
mummy and a bat zombie.

Vanquished Creatures
  A death cob (D)
  A green draconian (D)
  A red draconian (D)
  A white draconian (D)
  3 dancing weapons (D)
  A deep elf archer (D)
  A hill giant (D)
  2 cyclopes (D)
  5 draconians (D)
  A komodo dragon (D)
  3 guardian mummies (D)
  3 trolls (D)
  4 two-headed ogres (D)
  A flying skull (D)
  A ynoxinul (D)
  An ushabti (D)
  A yak (D)
  A neqoxec (D)
  A phantom (D)
  2 necrophages (D)
  2 ogres (D)
  A wolf (D)
  4 bullfrogs (D)
  2 wights (D)
  A crimson imp (D)
  2 quasits (D)
  2 iron imps (D)
  2 iguanas (D)
  6 mummies (D)
  A river rat (D)
  An adder skeleton (D)
  3 bat zombies (D)
62 creatures vanquished.

Notes
Turn   | Place    | Note
-------+----------+-------------------------------------------
     0 | D        | Theye the Demonspawn Hunter began the quest for the Orb.
     0 | D        | Reached XP level 1. HP: 16/16 MP: 1/1
     5 | D        | Found a deep blue altar of Sif Muna.
     5 | D        | Found a bloodstained altar of Trog.
     5 | D        | Found a sacrificial altar of Ru.
     5 | D        | Found a stormy altar of Qazlal.
     5 | D        | Found an iron altar of Okawaru.
     6 | D        | Found a sparkling altar of Nemelex Xobeh.
     6 | D        | Found a blossoming altar of Fedhas.
     8 | D        | Found an ancient bone altar of Kikubaaqudgha.
     8 | D        | Found a viscous altar of Jiyva.
     8 | D        | Found a corrupted altar of Lugonu.
     8 | D        | Found a hazy altar of Hepliaklqana.
     8 | D        | Found a burning altar of Makhleb.
     8 | D        | Found an opulent altar of Gozag.
    41 | D        | Became a worshipper of Qazlal Stormbringer
    54 | D        | Reached skill level 5 in Crossbows
    54 | D        | Gained mutation: Your movements are slightly less encumbered by armour. (ER -2) [demonic ancestry]
    54 | D        | Reached XP level 2. HP: 24/24 MP: 1/5
    64 | D        | Entered arena 1.
    65 | D        | Reached skill level 5 in Invocations
    66 | D        | Reached skill level 6 in Crossbows
    66 | D        | Gained mutation: You are immune to rotting. [demonic ancestry]
    66 | D        | Reached XP level 3. HP: 29/29 MP: 2/7
    74 | D        | Entered arena 2.
    74 | D        | Noticed a yak
    74 | D        | Noticed a bullfrog
    75 | D        | Killed a bullfrog
    75 | D        | Reached * piety under Qazlal
    75 | D        | Reached skill level 7 in Crossbows
    75 | D        | Gained mutation: When hurt, damage is shared between your health and your magic reserves. [demonic ancestry]
    75 | D        | Reached XP level 4. HP: 36/36 MP: 3/8
    77 | D        | Killed a yak
    77 | D        | Reached skill level 10 in Crossbows
    77 | D        | Gained mutation: You have sharp fingernails. [demonic ancestry]
    77 | D        | Reached XP level 5. HP: 42/42 MP: 3/10
    78 | D        | Reached XP level 6. HP: 48/48 MP: 3/11
    90 | D        | Entered arena 3.
    90 | D        | Noticed a two-headed ogre
    90 | D        | Noticed a two-headed ogre
    90 | D        | Noticed a cyclops
    91 | D        | Killed a two-headed ogre
    91 | D        | Reached ** piety under Qazlal
    91 | D        | Reached skill level 11 in Crossbows
    93 | D        | Killed a two-headed ogre
    93 | D        | Reached skill level 12 in Crossbows
    93 | D        | Gained mutation: You may emit foul miasma when damaged in melee. [demonic ancestry]
    93 | D        | Reached XP level 7. HP: 31/55 MP: 3/13
    97 | D        | Killed a cyclops
    97 | D        | Reached skill level 13 in Crossbows
    97 | D        | Reached XP level 8. HP: 36/61 MP: 4/14
    98 | D        | Reached skill level 14 in Crossbows
   221 | D        | Entered arena 4.
   221 | D        | Noticed a glaive of protection
   221 | D        | Noticed a hand axe of chopping
   221 | D        | Noticed a glaive of venom
   221 | D        | Noticed a deep elf archer
   223 | D        | Killed a hand axe of chopping
   223 | D        | Reached *** piety under Qazlal
   223 | D        | Reached skill level 5 in Fighting
   223 | D        | Reached skill level 15 in Crossbows
   226 | D        | Killed a glaive of protection
   226 | D        | Reached skill level 16 in Crossbows
   226 | D        | Reached skill level 10 in Invocations
   226 | D        | Reached XP level 9. HP: 58/68 MP: 7/16
   227 | D        | Killed a deep elf archer
   232 | D        | Killed a glaive of venom
   232 | D        | Reached skill level 17 in Crossbows
   517 | D        | Entered arena 5.
   518 | D        | Reached **** piety under Qazlal
   523 | D        | Reached ***** piety under Qazlal
   539 | D        | Entered arena 6.
   548 | D        | Gained mutation: Your mind is acute. (Int +2) [a neqoxec]
   566 | D        | Entered arena 7.
   568 | D        | Gained mutation: Your movements are less encumbered by armour. (ER -4) [demonic ancestry]
   568 | D        | Reached XP level 10. HP: 76/76 MP: 18/18
   570 | D        | Reached ****** piety under Qazlal
   573 | D        | Reached skill level 18 in Crossbows
   584 | D        | Entered arena 8.
   605 | D        | Entered arena 9.
   605 | D        | Noticed a cyclops
   605 | D        | Noticed a hill giant
   609 | D        | Killed a hill giant
   613 | D        | Reached skill level 19 in Crossbows
   614 | D        | Killed a cyclops
   633 | D        | Entered arena 10.
   633 | D        | Noticed a draconian
   633 | D        | Noticed a green draconian
   633 | D        | Noticed a red draconian
   633 | D        | Noticed a draconian
   633 | D        | Noticed a death cob
   633 | D        | Noticed a draconian
   633 | D        | Noticed a white draconian
   633 | D        | Noticed a draconian
   633 | D        | Noticed a draconian
   639 | D        | Killed a death cob
   639 | D        | Gained mutation: Your movements are significantly less encumbered by armour. (ER -6) [demonic ancestry]
   639 | D        | Reached XP level 11. HP: 45/84 MP: 8/20
   640 | D        | Killed a red draconian
   640 | D        | Reached skill level 20 in Crossbows
   642 | D        | Killed a green draconian
   642 | D        | Reached skill level 5 in Armour
   642 | D        | Killed a white draconian
   648 | D        | Reached skill level 21 in Crossbows
   714 | D        | Entered arena 11.
   716 | D        | Noticed a greater mummy
   718 | D        | Noticed a flayed ghost
   723 | D        | Noticed a phantasmal warrior
   728 | D        | HP: 2/102 [greater mummy/the +7 scythe "Zeym" {freeze, Int+4} (18)]
   732 | D        | Noticed a mana viper
   732 | D        | Noticed a mana viper
   732 | D        | Noticed a mana viper
   732 | D        | Noticed a mana viper
   735 | D        | Identified the +7 scythe "Zeym" {freeze, Int+4}
   735 | D        | Mangled by a greater mummy

Vault maps used:
D:        sprint_v

Skill      XL: |  1  2  3  4  5  6  7  8  9 10 11 |
---------------+----------------------------------+-----
Fighting       | 3 4 5 7 8 |  8.7
Crossbows      | 5 6 7 10 12 13 16 17 19 21 | 21.3
Armour         | 2 4 6 |  6.5
Dodging        | 3 4 |  4.7
Invocations    | 4 5 6 8 10 11 12 14 | 14.1
Stealth        | |  0.8

Action                   |  1- 3 |  4- 6 |  7- 9 | 10-12 || total
-------------------------+-------+-------+-------+-------++-------
 Fire: Heavy crossbow    |     3 |     6 |    35 |    53 ||    97
Invok: Disaster Area     |       |       |       |     2 ||     2
  Use: Potion            |     2 |       |     4 |    10 ||    16
Armor: Plate armour      |     3 |     2 |    27 |    84 ||   116
Dodge: Dodged            |     3 |     8 |    28 |   119 ||   158
       Deflected         |       |       |     1 |       ||     1
Block: Other             |       |       |    13 |    62 ||    75
